 Dungeon Crawl Stone Soup version 0.16.2-2-g470672f (webtiles) character file.

8465 CcS the Destroyer (level 10, 0/69 HPs)
             Began as a Demigod Fire Elementalist on Aug 29, 2015.
             Slain by a white ugly thing (11 damage)
             ... on level 11 of the Dungeon.
             The game lasted 00:30:16 (14960 turns).

CcS the Destroyer (Demigod Fire Elementalist)      Turns: 14960, Time: 00:30:16

Health: 0/69       AC: 12    Str: 11    XL:     10   Next: 85%
Magic:  24/27      EV: 12    Int: 25    God:
Gold:   653        SH:  0    Dex: 16    Spells: 4 memorised, 8 levels left

rFire  . . .     SeeInvis .     a - +0 flail (protect)
rCold  + . .     Clarity  .     X - +0 troll leather armour {regen}
rNeg   . . .     SustAb   +     (no shield)
rPois  .         Gourm    .     x - +0 helmet
rElec  .         Spirit   .     (no cloak)
rCorr  .         Warding  .     s - +0 pair of gloves
rMut   .         Stasis   .     (no boots)
MR     +....                    (no amulet)
Stlth  ++........               f - ring of protection from cold {rC+, !d}
                                v - ring of teleport control {cTele, !d}

@: somewhat resistant to hostile enchantments, unstealthy
A: sustain abilities
a: Evoke Teleport Control


You were on level 11 of the Dungeon.
You were hungry.

You visited 2 branches of the dungeon, and saw 12 of its levels.
You also visited: Ossuary.

You collected 653 gold pieces.

Inventory:

Hand weapons
 a - a +0 flail of protection (weapon)
   (You found it on level 8 of the Dungeon)
 b - a +1 blowgun
   (You took it off a kobold on level 6 of the Dungeon)
 e - a +0 short sword
   (You took it off a kobold on level 1 of the Dungeon)
 T - a +0 dagger of speed
   (You took it off an orc on level 3 of the Dungeon)
Missiles
 u - 25 poisoned needles
 Q - 5 throwing nets {=f, !d}
Armour
 j - a +0 leather armour
   (You found it on level 1 of the Dungeon)
 s - a +0 pair of gloves (worn)
   (You found it on level 2 of the Dungeon)
 x - a +0 helmet (worn)
   (You took it off Robin on level 3 of the Dungeon)
 y - a +0 robe
 A - a +1 robe of cold resistance
   (You took it off Fannar on level 10 of the Dungeon)
 C - a +1 buckler of poison resistance
   (You found it on level 4 of the Dungeon)
 G - a +0 ring mail
   (You found it on level 4 of the Dungeon)
 X - a +0 troll leather armour (worn) {regen}
   (You found it on level 9 of the Dungeon)
Magical staves
 t - an uncursed staff of cold {rC+}
   (You took it off Fannar on level 10 of the Dungeon)
Jewellery
 f - a ring of protection from cold (right hand) {rC+, !d}
   (You found it on level 1 of the Dungeon)
 v - a ring of teleport control (left hand) {cTele, !d}
   (You found it on level 2 of the Dungeon)
Magical devices
 B - a wand of confusion (22)
   (You found it on level 4 of the Dungeon)
 N - a wand of cold (6)
   (You found it on level 5 of the Dungeon)
 P - a wand of slowing (29)
   (You found it on level 6 of the Dungeon)
 R - a wand of digging (12)
   (You found it on level 6 of the Dungeon)
Scrolls
 d - 3 scrolls of remove curse
 h - a scroll of noise {!r}
 i - 15 scrolls of identify {unknown}
 k - 3 scrolls of teleportation
 E - a scroll of magic mapping {!r}
 F - 4 scrolls of fog
 I - a scroll of enchant weapon
 U - a scroll of enchant armour
 W - a scroll of blinking {unknown}
Potions
 g - 2 potions of restore abilities {unknown}
 l - a potion of curing
 n - a potion of agility {unknown}
 o - 3 potions of lignification {unknown}
 p - 2 potions of poison {unknown}
 q - 4 potions of might {unknown}
 r - 2 potions of heal wounds {unknown}
 w - 2 potions of resistance {unknown}
 z - 3 potions of brilliance {unknown}
 D - 2 potions of degeneration {unknown}
 J - 2 potions of mutation {unknown}
 L - a potion of magic {unknown}
 M - a potion of haste {unknown}
 S - a potion of flight {unknown}
 Y - a potion of cure mutation {unknown}
Books
 K - a book of Frost
   (You found it in an ossuary)
 O - a book of Flames
Comestibles
 c - 10 bread rations {@e1}
 H - 4 meat rations {@e2}


   Skills:
 - Level 6.6 Armour
 - Level 1.7 Dodging
 - Level 1.7 Stealth
 + Level 6.0 Spellcasting
 + Level 9.4 Conjurations
 + Level 9.3 Fire Magic


You had 8 spell levels left.
You knew the following spells:

 Your Spells              Type           Power        Failure   Level  Hunger
a - Flame Tongue          Conj/Fire      #####        1%          1    None
b - Conjure Flame         Conj/Fire      ######..     1%          3    None
c - Sticky Flame          Conj/Fire      ######..     1%          4    ###....
d - Fireball              Conj/Fire      ######....   8%          5    #####..


Dungeon Overview and Level Annotations

Branches:
Dungeon (11/15)            Temple (1/1) D:7            Lair (0/8) D:11
    Orc (0/4) D:9

Shops:
D:6 *

Annotations:
D:4 exclusion: Sigmund, Sigmund


Innate Abilities, Weirdness & Mutations

Your attributes are resistant to harm.


Message History

You regained 8 mp, and now have 25/26 mp.
Eat which item? (? for menu, Esc to quit)
Mmm...
Chicken.
You see here an arrow.
There is a stone staircase leading down here.
MP restored: 26 You climb downwards.
A cyan ugly thing comes into view.
The cyan ugly thing gurgles horribly!
There is a stone staircase leading up here.
Aim: a cyan ugly thing The sticky flame hits the cyan ugly thing.
The cyan ugly thing is covered in liquid flames!
The cyan ugly thing burns!
The cyan ugly thing misses you.
You now have 22/26 mp.
The cyan ugly thing burns!
The cyan ugly thing barely misses you.
You climb upwards.
There is a stone staircase leading down here.
The cyan ugly thing burns!
The cyan ugly thing burns!
The cyan ugly thing burns!
The cyan ugly thing burns!
The cyan ugly thing punches you. The cyan ugly thing shocks you!
You take 17 damage, and have 52/69 hp.
MASSIVE DAMAGE!!
The cyan ugly thing burns!
The cyan ugly thing burns!
The cyan ugly thing burns!
The cyan ugly thing burns!
The cyan ugly thing burns!
The cyan ugly thing burns!
The cyan ugly thing stops burning.
Aim: a cyan ugly thing (severely wounded)
The sticky flame hits the cyan ugly thing.
The cyan ugly thing is covered in liquid flames!
The cyan ugly thing burns!
The cyan ugly thing completely misses you.
The cyan ugly thing burns!
You kill the cyan ugly thing!
You now have 21/27 mp.
You see here an ugly thing corpse.
You start resting.
You are feeling hungry.
You regained 3 hp, and now have 66/69 hp.
Health restored: 69
There is a stone staircase leading down here.
You climb downwards.
There is a stone staircase leading up here.
Unknown command.
You open the door.
A worker ant zombie comes into view.
There is an open door here.
MP restored: 27 A worker ant zombie is nearby!
A worker ant zombie is nearby!
Aim: a worker ant zombie (resting)
The flame tongue hits the worker ant zombie.
You now have 26/27 mp.
Aim: a worker ant zombie The flame tongue hits the worker ant zombie.
You destroy the worker ant zombie!
You now have 25/27 mp.
You can't see any susceptible monsters within range! (Use Z to cast anyway.) Unknown command.
q - 4 dark potions (gained 1)
Found an escape hatch in the floor.
MP restored: 27 You open the door.
There is an open door here.
The white ugly thing gurgles horribly!
The white ugly thing is too close now for your liking.
A white ugly thing is nearby!
Aim: a white ugly thing The flame tongue misses the white ugly thing.
You now have 26/27 mp.
The fire roars!
You now have 23/27 mp.
Unknown command.
You closely miss the white ugly thing.
The white ugly thing is engulfed in roaring flames.
The white ugly thing trunk-slaps you. The white ugly thing freezes you!
You resist.
The white ugly thing is engulfed in roaring flames.
The white ugly thing trunk-slaps you but does no damage.
You take 8 damage, and have 61/69 hp.
You hit the white ugly thing but do no damage.
The white ugly thing is engulfed in roaring flames.
The white ugly thing trunk-slaps you! The white ugly thing freezes you!
You resist.
You take 25 damage, and have 36/69 hp.
MASSIVE DAMAGE!!
You barely miss the white ugly thing.
The white ugly thing is engulfed in roaring flames.
The white ugly thing trunk-slaps you! The white ugly thing freezes you!
You resist.
* * * LOW HITPOINT WARNING * * *
The white ugly thing is engulfed in roaring flames.
The white ugly thing trunk-slaps you.
* * * LOW HITPOINT WARNING * * *
The white ugly thing freezes you! You resist.
You die...

###+#########........
...........##........
............#........
#.>..........#........
#.....................
+...........##........
#...........##........
########'###########'#
#5u@...# #..
####.####### #####.
##.l........# #.....
............# #.....
##..........#######.<...
#?..............##.....
#.##..y..Y<%..# .......
+..u..........# ###.....
.######Z###.### #.....


You could see a white ugly thing, a komodo dragon (wandering) and a shadow imp.

Vanquished Creatures
  Fannar (D:10)
  Harold (D:10)
  A cyclops (D:10)
  An ugly thing (D:10)
  3 trolls
  The ghost of velvetdove the Basher, an average MiFi (D:5)
  A trapdoor spider (D:7)
  The ghost of nowai the Gusty, an average DEWz (Ossuary)
  4 yaks (D:10)
  Edmund (D:9)
  A soldier ant (D:11)
  A water moccasin (D:6)
  2 ice beasts
  2 necrophages (D:8)
  5 ogres
  A sky beast (D:9)
  5 centaurs
  2 big kobolds
  Duvessa (D:7)
  4 giant frogs
  A water moccasin zombie (Ossuary)
  2 scorpions
  12 killer bees
  A quasit (D:9)
  6 hounds
  Dowan (D:7)
  A wasp zombie (D:8)
  5 crimson imps
  A giant frog zombie (D:7)
  3 goliath beetles
  3 jellies
  4 orc priests
  3 orc wizards
  6 worker ants
  7 iguanas
  A killer bee zombie (D:8)
  A sheep (D:11)
  5 big kobold zombies (Ossuary)
  A hound zombie (D:7)
  A hound skeleton (D:4)
  3 mummies
  Robin (D:3)
  4 gnolls (D:6)
  4 worker ant zombies
  13 adders
  5 shadow imps
  A giant mite (D:6)
  A worm (D:3)
  6 adder zombies
  An adder skeleton (D:8)
  4 giant geckos
  2 oozes (D:5)
  24 orcs
  A bat skeleton (D:4)
  4 bat zombies
  9 giant cockroaches
  A gnoll zombie (Ossuary)
  8 hobgoblins
  14 jackals
  26 kobolds
  4 ball pythons
  19 bats
  4 giant newts
  2 giant spores
  15 goblins
  8 hobgoblin zombies
  6 kobold zombies (Ossuary)
  2 orc zombies (Ossuary)
  5 quokkas
  9 rats
  6 ballistomycetes
316 creatures vanquished.

Vanquished Creatures (others)
  An orc warrior (D:7)
  Blork the orc (D:7)
  A giant spore (D:8)
3 creatures vanquished.

Grand Total: 319 creatures vanquished

Notes
Turn   | Place    | Note
--------------------------------------------------------------
     0 | D:1      | CcS, the Demigod Fire Elementalist, began the quest for the Orb.
     0 | D:1      | Reached XP level 1. HP: 14/14 MP: 3/3
    61 | D:1      | Reached skill level 1 in Conjurations
   487 | D:1      | Reached skill level 2 in Conjurations
   487 | D:1      | Reached XP level 2. HP: 14/20 MP: 0/4
  1276 | D:2      | Reached XP level 3. HP: 26/26 MP: 1/7
  1281 | D:2      | Learned a level 3 spell: Conjure Flame
  1439 | D:2      | Reached skill level 3 in Fire Magic
  1653 | D:2      | Reached skill level 3 in Conjurations
  1694 | D:2      | Found a shadowy altar of Dithmenos.
  2250 | D:3      | Reached XP level 4. HP: 30/33 MP: 0/9
  2360 | D:3      | Noticed Robin
  2389 | D:3      | Killed Robin
  2506 | D:3      | Noticed an ogre
  2542 | D:3      | Killed an ogre
  2542 | D:3      | Reached skill level 4 in Conjurations
  2542 | D:3      | Reached XP level 5. HP: 38/38 MP: 0/10
  2878 | D:3      | Reached skill level 4 in Fire Magic
  3190 | D:4      | Noticed Sigmund
  3287 | D:4      | Reached XP level 6. HP: 45/45 MP: 7/13
  3317 | D:4      | Learned a level 4 spell: Sticky Flame
  3662 | D:4      | Reached skill level 5 in Conjurations
  3763 | D:4      | Found an ancient bone altar of Kikubaaqudgha.
  4167 | D:5      | Entered Level 5 of the Dungeon
  4329 | D:5      | Reached skill level 5 in Fire Magic
  4406 | D:5      | Reached XP level 7. HP: 44/50 MP: 5/15
  4500 | D:5      | Noticed velvetdove's ghost (average MiFi)
  4690 | D:5      | Found a sand-covered staircase.
  4725 | Ossuary  | Entered an ossuary
  4813 | Ossuary  | Reached skill level 2 in Spellcasting
  5128 | Ossuary  | Noticed nowai's ghost (average DEWz)
  5159 | Ossuary  | Killed nowai's ghost
  5159 | Ossuary  | Reached skill level 3 in Spellcasting
  5358 | Ossuary  | Reached skill level 4 in Spellcasting
  6121 | D:5      | HP: 12/50 [velvetdove's ghost (9)]
  6122 | D:5      | Killed velvetdove's ghost
  6122 | D:5      | Reached skill level 6 in Conjurations
  6122 | D:5      | Reached skill level 6 in Fire Magic
  6122 | D:5      | Reached XP level 8. HP: 13/57 MP: 17/21
  6638 | D:5      | Found a runed door.
  6863 | D:6      | Found Bruy's Assorted Antiques.
  6984 | D:6      | Found a shattered altar of Ashenzari.
  7298 | D:6      | Learned a level 5 spell: Fireball
  7468 | D:6      | Reached skill level 7 in Conjurations
  7793 | D:6      | Found a deep blue altar of Sif Muna.
  7799 | D:6      | Found a shimmering altar of Xom.
  7802 | D:6      | Found a burning altar of Makhleb.
  8512 | D:7      | Killed Blork the orc
  8552 | D:7      | Reached skill level 7 in Fire Magic
  8586 | D:7      | Noticed Duvessa
  8587 | D:7      | Noticed Dowan
  8598 | D:7      | Killed Duvessa
  8617 | D:7      | Killed Dowan
  8765 | D:7      | Found a staircase to the Ecumenical Temple.
  8772 | Temple   | Entered the Ecumenical Temple
  9873 | D:7      | Found a glowing golden altar of the Shining One.
  9967 | D:7      | Found an opulent altar of Gozag.
  9976 | D:7      | HP: 14/57 [trapdoor spider (11)]
  9978 | D:7      | Reached skill level 8 in Conjurations
  9978 | D:7      | Reached XP level 9. HP: 18/62 MP: 8/22
 10279 | D:7      | Reached skill level 1 in Armour
 10409 | D:8      | Found a white marble altar of Elyvilon.
 10513 | D:8      | Found a shattered altar of Ashenzari.
 10603 | D:8      | Reached skill level 2 in Armour
 10967 | D:8      | Reached skill level 3 in Armour
 11255 | D:8      | Reached skill level 4 in Armour
 11447 | D:8      | Found a sparkling altar of Nemelex Xobeh.
 11621 | D:9      | Found a staircase to the Orcish Mines.
 11826 | D:9      | Reached skill level 5 in Armour
 12039 | D:9      | Reached skill level 6 in Armour
 12665 | D:9      | HP: 13/62 [troll (7)]
 13065 | D:9      | Noticed Edmund
 13072 | D:9      | Killed Edmund
 13274 | D:10     | Entered Level 10 of the Dungeon
 13304 | D:10     | Reached skill level 8 in Fire Magic
 13304 | D:10     | Reached XP level 10. HP: 69/69 MP: 18/24
 13326 | D:10     | Noticed Harold
 13451 | D:10     | Found an opulent altar of Gozag.
 13547 | D:10     | Killed Harold
 13846 | D:10     | Reached skill level 5 in Spellcasting
 13987 | D:10     | Noticed a cyclops
 13991 | D:10     | Killed a cyclops
 14133 | D:10     | Reached skill level 9 in Conjurations
 14290 | D:10     | Reached skill level 9 in Fire Magic
 14452 | D:10     | Noticed Fannar
 14464 | D:10     | Killed Fannar
 14700 | D:11     | Found a staircase to the Lair.
 14700 | D:11     | Noticed a death yak
 14706 | D:11     | Noticed a white ugly thing
 14795 | D:11     | Reached skill level 6 in Spellcasting
 14887 | D:11     | Noticed a cyan ugly thing
 14902 | D:10     | Killed a cyan ugly thing
 14960 | D:11     | HP: 14/69 [white ugly thing (16)]
 14960 | D:11     | Slain by a white ugly thing

Action                   |  1- 3 |  4- 6 |  7- 9 | 10-12 || total
-------------------------+-------+-------+-------+-------++-------
Melee: Short sword       |     9 |     2 |       |       ||    11
       Dagger            |       |    14 |   115 |       ||   129
       Flail             |       |       |    23 |    24 ||    47
 Cast: Flame Tongue      |    83 |   129 |   302 |    35 ||   549
       Conjure Flame     |       |     2 |    26 |     3 ||    31
       Sticky Flame      |       |       |    27 |    13 ||    40
       Fireball          |       |       |    14 |    27 ||    41
Evoke: Wand              |       |       |     4 |     3 ||     7
  Use: Potion            |       |       |     1 |       ||     1
       Scroll            |       |       |     9 |     1 ||    10
 Stab: Sleeping          |       |       |     1 |       ||     1
  Eat: Chunk             |     4 |     8 |    23 |     9 ||    44
       Fruit             |     1 |       |    10 |       ||    11
       Beef jerky        |       |       |     5 |     3 ||     8
       Pizza             |       |       |       |     1 ||     1

Vault maps used:
D:1:      eino_arrival_cavern_a
D:2:      lemuel_round_altar
D:3:      uniq_robin
D:4:      kennysheep_mini_moat, first_bread, uniq_sigmund
D:5:      nicolae_ossuary_entry_giza, hangedman_abyss_or_decor_stabs,
          hangedman_jelly_panic
D:6:      nicolae_overflow_hidden_temple, grunt_temple_overflow_diamond,
          serial_shops, shop
D:7:      lemuel_ice_spiral_2, kennysheep_little_box, temple_fountains,
          grunt_ogre_cave, grunt_gozag_breadcrumbs, uniq_duvessa,
          uniq_blork_the_orc
D:8:      minitemple, basic_altar
D:9:      david_orc_2, uniq_edmund
D:10:     basic_altar, uniq_harold, uniq_fannar
D:11:     david_lair_generic, basic_altar, uniq_sonja
Temple:   chambers_temple_10
Ossuary:  ossuary_tomb_2

Table legend:
 A = Turns spent in this place as a percentage of turns spent in the entire game.
 B = Non-inter-level travel turns spent in this place as a percentage of non-inter-level travel turns spent in the entire game.
 C = Inter-level travel turns spent in this place as a percentage of turns spent in this place.
 D = Turns resting spent in this place as a percentage of non-inter-level travel turns spent in this place.
 E = Turns spent auto-exploring this place as a percentage of non-inter-level travel turns spent in this place.
 F = Non-inter-level travel turns spent in this place divided by the number of levels of this place that you've seen.
                   A       B       C       D       E      F
               +-------+-------+-------+-------+-------+----------------------
         Total | 100.0 | 100.0 |   0.4 |   5.1 |   9.5 | 303.7
       Dungeon |  91.3 |  91.3 |   0.4 |   4.6 |  10.1 | 327.7
        Temple |   0.6 |   0.6 |   4.0 |   0.0 |  37.5 |  24.0
       Ossuary |   8.0 |   8.1 |   0.0 |  11.6 |   1.3 | 319.0
               +-------+-------+-------+-------+-------+----------------------

Table legend:
 A = Kills in this place as a percentage of kills in entire the game.
 B = Kills by you in this place as a percentage of kills by you in the entire game.
 C = Kills by friends in this place as a percentage of kills by friends in the entire game.
 D = Other kills in this place as a percentage of other kills in the entire game.
 E = Experience gained in this place as a percentage of experience gained in the entire game.
 F = Experience gained in this place divided by the number of levels of this place that you have seen.
                   A       B       C       D       E      F
               +-------+-------+-------+-------+-------+----------------------
         Total | 100.0 | 100.0 |  -nan |  -nan | 100.0 | 930.3
       Dungeon |  90.5 |  90.5 |  -nan |  -nan |  96.1 | 1056.1
       Ossuary |   9.5 |   9.5 |  -nan |  -nan |   3.9 | 477.0
               +-------+-------+-------+-------+-------+----------------------
